| TOP OF THE 1ST |
|
Hartford Yard Goats batting - Pitching for Atlanta (MID) Braves : RHP Jesus Cumba
|
|
Pitching: RHP Jesus Cumba
|
|
|
Batting: SHB Eddie Quinones
|
0-0: SINGLE (Line Drive, 9S, EV 108.1 MPH)
|
|
Batting: SHB Pete Perla
|
0-0: Called Strike 0-1: Ball 1-1: Ball 2-1: Ball 3-1: Base on Balls Eddie Quinones to second
|
|
Batting: LHB Jeremy Brammer
|
0-0: Ball 1-0: Ball 2-0: Ball 3-0: Called Strike 3-1: Fly out, F8 (Flyball, 78M, EV 91.9 MPH)
|
|
Batting: SHB In-sung Lee
|
0-0: Called Strike 0-1: 3-RUN HOME RUN (Flyball, 89XD, EV 98.8 MPH), Distance : 416 ft
|
|
Batting: RHB Justin Williams
|
0-0: Foul Ball, location: 2F 0-1: Ball 1-1: Ball 2-1: Swinging Strike 2-2: Foul Ball, location: 2F 2-2: Ground out 5-3 (Groundball, 56, EV 77.5 MPH)
|
|
Batting: RHB Eric Garrett
|
0-0: Called Strike 0-1: Swinging Strike 0-2: Ball 1-2: Foul Ball, location: 2F 1-2: Foul Ball, location: 2F 1-2: Strikes out swinging
|
| Top of the 1st over - 3 runs, 2 hits, 0 errors, 0 left on base; Hartford 3 - Atlanta (MID) 0 |
| BOTTOM OF THE 1ST |
|
Atlanta (MID) Braves batting - Pitching for Hartford Yard Goats : RHP Gabe Stokes
|
|
Pitching: RHP Gabe Stokes
|
|
|
Batting: LHB Kevin Kantor
|
0-0: Called Strike 0-1: Ball 1-1: Ball 2-1: Ground out U3 (Groundball, 34S, EV 85.0 MPH)
|
|
Batting: RHB Andy Cunningham
|
0-0: Ball 1-0: Swinging Strike 1-1: Swinging Strike 1-2: Ball 2-2: Foul Ball, location: 2F 2-2: Ball 3-2: Ground out 6-3 (Groundball, 6D, EV 101.2 MPH)
|
|
Batting: RHB Xavier Davis
|
0-0: Ball 1-0: Ground out 6-3 (Groundball, 6, EV 99.4 MPH)
|
| Bottom of the 1st over - 0 runs, 0 hits, 0 errors, 0 left on base; Hartford 3 - Atlanta (MID) 0 |
| TOP OF THE 2ND |
|
Hartford Yard Goats batting - Pitching for Atlanta (MID) Braves : RHP Jesus Cumba
|
|
Batting: RHB Randy Breitbart
|
0-0: Called Strike 0-1: Ball 1-1: Ground out 5-3 (Groundball, 56, EV 85.0 MPH)
|
|
Batting: RHB Steve Waltenbery
|
0-0: Foul Ball, location: 2F 0-1: Ball 1-1: Ball 2-1: Reached on error, E6 (Groundball, 6, EV 102.5 MPH)
|
|
Batting: LHB Mick Knopp
|
0-0: Ball Steve Waltenbery steals 2nd base 1-0: Ball 2-0: Ball 3-0: Called Strike 3-1: Ground out 4-3 (Groundball, 4, EV 85.0 MPH) Steve Waltenbery to third
|
|
Batting: SHB Eddie Quinones
|
0-0: Ball 1-0: Swinging Strike 1-1: Ball 2-1: Foul Ball, location: 2F 2-2: Fly out, F7 (Flyball, 78M, EV 83.1 MPH)
|
| Top of the 2nd over - 0 runs, 0 hits, 1 error, 1 left on base; Hartford 3 - Atlanta (MID) 0 |
| BOTTOM OF THE 2ND |
|
Atlanta (MID) Braves batting - Pitching for Hartford Yard Goats : RHP Gabe Stokes
|
|
Batting: LHB Travis Lazaro
|
0-0: Ball 1-0: Called Strike 1-1: Ball 2-1: Ball 3-1: Foul Ball, location: 2F 3-2: Foul Ball, location: 2F 3-2: Base on Balls
|
|
Batting: RHB Corey Dalton
|
0-0: Ball 1-0: Ball 2-0: Ball 3-0: Foul Ball, location: 2F 3-1: Foul Ball, location: 2F 3-2: Ground out 5-3 (Groundball, 5, EV 85.0 MPH) Travis Lazaro to second
|
|
Batting: LHB Mark Thomas
|
0-0: Called Strike Travis Lazaro steals 3rd base 0-1: Ball 1-1: Ball 2-1: Ball 3-1: Swinging Strike 3-2: Base on Balls
|
|
Batting: LHB Tommy Williams
|
0-0: Ball 1-0: Called Strike 1-1: DOUBLE (Line Drive, 78D, EV 109.4 MPH) Travis Lazaro scores Mark Thomas to third
|
|
Batting: RHB Mike Shook
|
0-0: Ball 1-0: Foul Ball, location: 2F 1-1: Ball 2-1: Foul Ball, location: 2F 2-2: Ball 3-2: Base on Balls
|
|
Batting: RHB Nick Platt
|
0-0: Called Strike 0-1: Called Strike 0-2: Foul Ball, location: 2F 0-2: Ball 1-2: Grounds into double play, 4-6-3 (Groundball, 4, EV 105.0 MPH)
|
| Bottom of the 2nd over - 1 run, 1 hit, 0 errors, 2 left on base; Hartford 3 - Atlanta (MID) 1 |
| TOP OF THE 3RD |
|
Hartford Yard Goats batting - Pitching for Atlanta (MID) Braves : RHP Jesus Cumba
|
|
Batting: SHB Pete Perla
|
0-0: Fly out, F8 (Flyball, 78M, EV 95.6 MPH)
|
|
Batting: LHB Jeremy Brammer
|
0-0: Called Strike 0-1: Called Strike 0-2: Foul Ball, location: 2F 0-2: Ball 1-2: Ball 2-2: Ball 3-2: Ground out 5-3 (Groundball, 56, EV 106.9 MPH)
|
|
Batting: SHB In-sung Lee
|
0-0: Ball 1-0: Ball 2-0: Swinging Strike 2-1: SOLO HOME RUN (Flyball, 89XD, EV 98.8 MPH), Distance : 403 ft
|
|
Batting: RHB Justin Williams
|
0-0: Fly out, F9 (Flyball, 89XD, EV 106.2 MPH)
|
| Top of the 3rd over - 1 run, 1 hit, 0 errors, 0 left on base; Hartford 4 - Atlanta (MID) 1 |
| BOTTOM OF THE 3RD |
|
Atlanta (MID) Braves batting - Pitching for Hartford Yard Goats : RHP Gabe Stokes
|
|
Batting: LHB Kevin Kantor
|
0-0: Ball 1-0: Ball 2-0: SINGLE (Popup, 6D, EV 60.0 MPH)
|
|
Batting: RHB Andy Cunningham
|
0-0: Foul Ball, location: 2F 0-1: Ball 1-1: Fielders Choice at 2nd, 6-4 (Groundball, 6MD, EV 90.0 MPH)
|
|
Batting: RHB Xavier Davis
|
0-0: Ball 1-0: Called Strike Andy Cunningham steals 2nd, throwing error, E2 Andy Cunningham to third 1-1: Ball 2-1: 2-RUN HOME RUN (Line Drive, 9LD, EV 91.2 MPH), Distance : 352 ft
|
|
Batting: LHB Travis Lazaro
|
0-0: Ball 1-0: Foul Ball, location: 2F 1-1: Ball 2-1: Foul Ball, location: 2F 2-2: Fly out, F6 (Popup, P, EV 73.1 MPH)
|
|
Batting: RHB Corey Dalton
|
0-0: Ground out 4-3 (Groundball, 6MD, EV 83.1 MPH)
|
| Bottom of the 3rd over - 2 runs, 2 hits, 1 error, 0 left on base; Hartford 4 - Atlanta (MID) 3 |
| TOP OF THE 4TH |
|
Hartford Yard Goats batting - Pitching for Atlanta (MID) Braves : RHP Jesus Cumba
|
|
Batting: RHB Eric Garrett
|
0-0: Ball 1-0: Ball 2-0: Foul Ball, location: 2F 2-1: Ball 3-1: Base on Balls
|
|
Batting: RHB Randy Breitbart
|
0-0: Ball 1-0: Called Strike 1-1: Ball 2-1: Called Strike 2-2: Ball 3-2: Foul Ball, location: 2F 3-2: Foul Ball, location: 2F 3-2: Strikes out looking
|
|
Batting: RHB Steve Waltenbery
|
0-0: Called Strike 0-1: Ball 1-1: SINGLE (Groundball, 56S, EV 61.9 MPH) (infield hit) Eric Garrett to second
|
|
Batting: LHB Mick Knopp
|
0-0: Ball 1-0: Ball 2-0: Fielders Choice at 3rd, U5 (Groundball, 5L, EV 101.2 MPH) Steve Waltenbery to second
|
|
Batting: SHB Eddie Quinones
|
0-0: Foul Ball, location: 2F 0-1: Swinging Strike 0-2: Foul Ball, location: 2F 0-2: Ball 1-2: Foul Ball, location: 2F 1-2: SINGLE (Groundball, 4MD, EV 108.1 MPH) Steve Waltenbery to third Mick Knopp to second Runner from 3rd tries for Home, SAFE, throw by CF to home
|
|
Batting: SHB Pete Perla
|
0-0: 3-RUN HOME RUN (Line Drive, 89XD, EV 102.5 MPH), Distance : 409 ft
|
|
Pitching: RHP Tom Lessor
|
|
|
Batting: LHB Jeremy Brammer
|
0-0: Ball 1-0: Foul Ball, location: 7LSF, Error on foul ball, E7 1-1: Foul Ball, location: 2F 1-2: Ball 2-2: SINGLE (Groundball, 34D, EV 105.6 MPH) (infield hit)
|
|
Batting: SHB In-sung Lee
|
0-0: Called Strike Jeremy Brammer steals 2nd base 0-1: Ball 1-1: Foul Ball, location: 2F 1-2: Ball 2-2: Foul Ball, location: 2F 2-2: Foul Ball, location: 2F 2-2: Ball 3-2: Foul Ball, location: 2F 3-2: Base on Balls
|
|
Batting: RHB Justin Williams
|
0-0: Called Strike 0-1: Swinging Strike 0-2: Ball 1-2: Ball 2-2: Foul Ball, location: 2F 2-2: SINGLE (Groundball, 34D, EV 100.6 MPH) Jeremy Brammer to third In-sung Lee to second Runner from 3rd tries for Home, throw by RF and OUT! 9-2
|
| Top of the 4th over - 4 runs, 5 hits, 1 error, 2 left on base; Hartford 8 - Atlanta (MID) 3 |
| BOTTOM OF THE 4TH |
|
Atlanta (MID) Braves batting - Pitching for Hartford Yard Goats : RHP Gabe Stokes
|
|
Batting: LHB Mark Thomas
|
0-0: Ball 1-0: Ball 2-0: Ball 3-0: Called Strike 3-1: Base on Balls
|
|
Batting: LHB Tommy Williams
|
0-0: Fielders Choice at 2nd, 6-4 (Groundball, 6, EV 81.2 MPH)
|
|
Batting: RHB Mike Shook
|
0-0: Ball 1-0: Called Strike 1-1: Fielders Choice at 2nd, 1-6 (Groundball, 34S, EV 74.4 MPH)
|
|
Batting: RHB Nick Platt
|
0-0: Ground out 5-3 (Groundball, 5L, EV 96.9 MPH)
|
| Bottom of the 4th over - 0 runs, 0 hits, 0 errors, 1 left on base; Hartford 8 - Atlanta (MID) 3 |
| TOP OF THE 5TH |
|
Hartford Yard Goats batting - Pitching for Atlanta (MID) Braves : RHP Tom Lessor
|
|
Batting: RHB Eric Garrett
|
0-0: Ball 1-0: SINGLE (Line Drive, 7S, EV 98.8 MPH)
|
|
Batting: RHB Randy Breitbart
|
0-0: Ball 1-0: Foul Ball, location: 2F 1-1: Swinging Strike 1-2: Foul Ball, location: 2F 1-2: Strikes out swinging
|
|
Batting: RHB Steve Waltenbery
|
0-0: Ball Eric Garrett steals 2nd base 1-0: Called Strike 1-1: Swinging Strike 1-2: Strikes out swinging
|
|
Batting: LHB Mick Knopp
|
0-0: Ball 1-0: Called Strike 1-1: Foul Ball, location: 2F 1-2: Foul Ball, location: 2F 1-2: Ball 2-2: Foul Ball, location: 2F 2-2: Strikes out swinging
|
| Top of the 5th over - 0 runs, 1 hit, 0 errors, 1 left on base; Hartford 8 - Atlanta (MID) 3 |
| BOTTOM OF THE 5TH |
|
Atlanta (MID) Braves batting - Pitching for Hartford Yard Goats : RHP Gabe Stokes
|
|
Batting: LHB Kevin Kantor
|
0-0: Ball 1-0: Ball 2-0: Called Strike 2-1: Foul Ball, location: 2F 2-2: Ground out 6-3 (Groundball, 6, EV 84.4 MPH)
|
|
Batting: RHB Andy Cunningham
|
0-0: Foul Ball, location: 2F 0-1: Ball 1-1: Called Strike 1-2: Ball 2-2: Ball 3-2: Base on Balls
|
|
Batting: RHB Xavier Davis
|
0-0: Ball Andy Cunningham steals 2nd base 1-0: Ball 2-0: Ball 3-0: Called Strike 3-1: Foul Ball, location: 2F 3-2: Fly out, F8 (Flyball, 8LS, EV 88.1 MPH)
|
|
Batting: LHB Travis Lazaro
|
0-0: Ground out 4-3 (Groundball, 4, EV 101.9 MPH)
|
| Bottom of the 5th over - 0 runs, 0 hits, 0 errors, 1 left on base; Hartford 8 - Atlanta (MID) 3 |
| TOP OF THE 6TH |
|
Hartford Yard Goats batting - Pitching for Atlanta (MID) Braves : RHP Tom Lessor
|
|
Batting: SHB Eddie Quinones
|
0-0: Ball 1-0: SINGLE (Flyball, 3D, EV 95.0 MPH)
|
|
Batting: SHB Pete Perla
|
0-0: Foul Ball, location: 2F 0-1: Ball 1-1: Ball 2-1: Ball 3-1: Foul Ball, location: 2F 3-2: Fielders Choice at 2nd, 4-6 (Groundball, 4S, EV 81.2 MPH)
|
|
Batting: LHB Jeremy Brammer
|
0-0: Ball 1-0: Ball 2-0: Ball 3-0: Base on Balls Pete Perla to second
|
|
Batting: SHB In-sung Lee
|
0-0: Called Strike 0-1: Ball 1-1: Fielders Choice at 2nd, U6 (Groundball, 4M, EV 80.6 MPH) Pete Perla to third
|
|
Batting: RHB Justin Williams
|
0-0: Ball 1-0: Ball 2-0: Ball 3-0: Base on Balls In-sung Lee to second
|
|
Pitching: RHP Kevin Zika
|
|
|
Batting: RHB Eric Garrett
|
0-0: Called Strike 0-1: Ball 1-1: Fly out, F8 (Flyball, 8RM, EV 87.5 MPH)
|
| Top of the 6th over - 0 runs, 1 hit, 0 errors, 3 left on base; Hartford 8 - Atlanta (MID) 3 |
| BOTTOM OF THE 6TH |
|
Atlanta (MID) Braves batting - Pitching for Hartford Yard Goats : RHP Gabe Stokes
|
|
Batting: RHB Corey Dalton
|
0-0: Fly out, F4 (Popup, 13, EV 81.9 MPH)
|
|
Batting: LHB Mark Thomas
|
0-0: Ball 1-0: Foul Ball, location: 2F 1-1: Called Strike 1-2: Ball 2-2: Foul Ball, location: 2F 2-2: Ball 3-2: Base on Balls
|
|
Batting: LHB Tommy Williams
|
0-0: Ball 1-0: Ground out 4-3 (Groundball, 4, EV 101.9 MPH) Mark Thomas to second
|
|
Pitching: LHP Eric Zielinski
|
|
|
Batting: RHB Mike Shook
|
0-0: Called Strike 0-1: Ball 1-1: Ball 2-1: Ball 3-1: Base on Balls
|
|
Batting: RHB Nick Platt
|
0-0: Ball 1-0: Ball 2-0: Ground out 6-3 (Groundball, 6S, EV 71.2 MPH)
|
| Bottom of the 6th over - 0 runs, 0 hits, 0 errors, 2 left on base; Hartford 8 - Atlanta (MID) 3 |
| TOP OF THE 7TH |
|
Hartford Yard Goats batting - Pitching for Atlanta (MID) Braves : RHP Kevin Zika
|
|
Batting: RHB Randy Breitbart
|
0-0: Ball 1-0: Called Strike 1-1: Ball 2-1: Ball 3-1: Ground out U3 (Groundball, 3, EV 83.1 MPH)
|
|
Batting: RHB Steve Waltenbery
|
0-0: Ball 1-0: Ball 2-0: Called Strike 2-1: Ground out U3 (Groundball, 3, EV 78.8 MPH)
|
|
Batting: LHB Mick Knopp
|
0-0: Ball 1-0: Ball 2-0: Ball 3-0: Base on Balls
|
|
Batting: SHB Eddie Quinones
|
0-0: Called Strike 0-1: Called Strike 0-2: DOUBLE (Line Drive, 7LD, EV 101.9 MPH) Mick Knopp to third Runner from 3rd tries for Home, SAFE, throw by LF to home
|
|
Batting: SHB Pete Perla
|
0-0: Ball 1-0: 2-RUN HOME RUN (Flyball, 9D, EV 95.0 MPH), Distance : 356 ft
|
|
Batting: LHB Jeremy Brammer
|
0-0: Ball 1-0: Fly out, F9 (Flyball, 9S, EV 82.5 MPH)
|
| Top of the 7th over - 3 runs, 2 hits, 0 errors, 0 left on base; Hartford 11 - Atlanta (MID) 3 |
| BOTTOM OF THE 7TH |
|
Atlanta (MID) Braves batting - Pitching for Hartford Yard Goats : LHP Eric Zielinski
|
|
Batting: LHB Kevin Kantor
|
0-0: Ball 1-0: Called Strike 1-1: Ball 2-1: Foul Ball, location: 2F 2-2: Foul Ball, location: 2F 2-2: Ball 3-2: Strikes out looking
|
|
Batting: RHB Andy Cunningham
|
0-0: Called Strike 0-1: Foul Ball, location: 2F 0-2: Ball 1-2: Fly out, F9 (Line Drive, 9, EV 96.9 MPH)
|
|
Batting: RHB Xavier Davis
|
0-0: Foul Ball, location: 2F 0-1: Swinging Strike 0-2: TRIPLE (Flyball, 89XD, EV 87.5 MPH)
|
|
Pitching: LHP Greg Burngooch
|
|
|
Batting: LHB Travis Lazaro
|
0-0: Ball 1-0: Ball 2-0: Called Strike 2-1: Ball 3-1: Base on Balls
|
|
Batting: RHB Corey Dalton
|
0-0: Foul Ball, location: 2F 0-1: Called Strike 0-2: Ground out 6-3 (Groundball, P, EV 83.1 MPH)
|
| Bottom of the 7th over - 0 runs, 1 hit, 0 errors, 2 left on base; Hartford 11 - Atlanta (MID) 3 |
| TOP OF THE 8TH |
|
Hartford Yard Goats batting - Pitching for Atlanta (MID) Braves : RHP Kevin Zika
|
|
Batting: SHB In-sung Lee
|
0-0: Called Strike 0-1: Ball 1-1: Ball 2-1: Ground out U3 (Groundball, 3, EV 95.0 MPH)
|
|
Batting: RHB Justin Williams
|
0-0: Called Strike 0-1: Ball 1-1: Ball 2-1: Called Strike 2-2: Ball 3-2: Foul Ball, location: 2F 3-2: Base on Balls
|
|
Batting: RHB Eric Garrett
|
0-0: Called Strike 0-1: Ball 1-1: Swinging Strike 1-2: Fly out, F7 (Flyball, 7D, EV 88.8 MPH)
|
|
Batting: RHB Randy Breitbart
|
0-0: Ground out 2-3 (Groundball, 2L, EV 67.5 MPH)
|
| Top of the 8th over - 0 runs, 0 hits, 0 errors, 1 left on base; Hartford 11 - Atlanta (MID) 3 |
| BOTTOM OF THE 8TH |
|
Atlanta (MID) Braves batting - Pitching for Hartford Yard Goats : LHP Greg Burngooch
|
|
Batting: LHB Mark Thomas
|
0-0: Ball 1-0: SINGLE (Groundball, 4D, EV 95.0 MPH)
|
|
Batting: LHB Tommy Williams
|
0-0: Ball 1-0: SINGLE (Groundball, 5S, EV 67.5 MPH) (infield hit) Mark Thomas to second
|
|
Batting: RHB Mike Shook
|
0-0: Ball 1-0: Called Strike 1-1: Foul Ball, location: 2F 1-2: Ball 2-2: Foul Ball, location: 2F 2-2: Foul Ball, location: 2F 2-2: DOUBLE (Line Drive, 9LM, EV 98.8 MPH) Mark Thomas scores Tommy Williams to third
|
|
Batting: RHB Nick Platt
|
0-0: Fly out, F9 (Line Drive, 9, EV 87.5 MPH) Runner from 3rd tags up, SCORES, throw by RF Mike Shook to third
|
|
Batting: LHB Kevin Kantor
|
0-0: Fly out, F8 (Flyball, 8LS, EV 89.4 MPH)
|
|
Batting: RHB Andy Cunningham
|
0-0: Swinging Strike 0-1: Ground out U3 (Groundball, 3, EV 85.6 MPH)
|
| Bottom of the 8th over - 2 runs, 3 hits, 0 errors, 1 left on base; Hartford 11 - Atlanta (MID) 5 |
| TOP OF THE 9TH |
|
Hartford Yard Goats batting - Pitching for Atlanta (MID) Braves : RHP Kevin Zika
|
|
Batting: RHB Steve Waltenbery
|
0-0: Fly out, F6 (Popup, 6M, EV 77.5 MPH)
|
|
Batting: LHB Mick Knopp
|
0-0: SINGLE (Groundball, 56D, EV 108.1 MPH)
|
|
Batting: SHB Eddie Quinones
|
0-0: Ball 1-0: Ball 2-0: Ball 3-0: Base on Balls Mick Knopp to second
|
|
Pitching: RHP Jae-young Jhang
|
|
|
Batting: SHB Pete Perla
|
0-0: Called Strike 0-1: Ball 1-1: Foul Ball, location: 2F 1-2: Strikes out swinging
|
|
Batting: LHB Jeremy Brammer
|
0-0: Called Strike 0-1: Swinging Strike 0-2: SINGLE (Groundball, 34D, EV 95.0 MPH) Mick Knopp to third Eddie Quinones to second Runner from 3rd tries for Home, SAFE, throw by RF to home
|
|
Batting: SHB In-sung Lee
|
0-0: Called Strike 0-1: Foul Ball, location: 2F 0-2: Fly out, F6 (Popup, 6MS, EV 78.8 MPH)
|
| Top of the 9th over - 1 run, 2 hits, 0 errors, 2 left on base; Hartford 12 - Atlanta (MID) 5 |
|